 Dungeon Crawl Stone Soup version 0.19.0-2-gae57169 (webtiles) character file.

508 Goblin1989 the Cleaver (level 6, 0/53 HPs)
             Began as a Minotaur Monk on Nov 6, 2016.
             Was an Initiate of Gozag.
             Slain by Chiseanne's ghost (1 damage)
             ... on level 5 of the Dungeon.
             The game lasted 00:12:24 (3757 turns).

Goblin1989 the Cleaver (Minotaur Monk)              Turns: 3757, Time: 00:12:26

Health: 0/53       AC:  6    Str: 17    XL:     6   Next: 98%
Magic:  5/5        EV: 11    Int:  7    God:    Gozag
Gold:   399        SH:  5    Dex: 13    Spells: 0 memorised, 5 levels left

rFire  . . .     SeeInvis .     a - +1 hand axe
rCold  . . .     Gourm    .     A - +0 scale mail
rNeg   . . .     Faith    .     (no shield)
rPois  +         Spirit   .     (helmet restricted)
rElec  .         Reflect  +     (no cloak)
rCorr  .         Harm     .     (no gloves)
MR     .....                    (no boots)
Stlth  +.........               x - +5 amulet of reflection
                                (no ring)
                                o - ring of poison resistance

@: no status effects
A: retaliatory headbutt, horns 2
a: Potion Petition, Call Merchant, Bribe Branch, Renounce Religion


You were on level 5 of the Dungeon.
You worshipped Gozag.
Gozag was aware of your devotion.
You were very hungry.

You visited 1 branch of the dungeon, and saw 5 of its levels.

You collected 399 gold pieces.

Inventory:

Hand Weapons
 a - a +1 hand axe (weapon)
 b - a +2 flail of venom
Missiles
 y - 3 curare-tipped needles
Armour
 A - a +0 scale mail (worn)
Jewellery
 o - a ring of poison resistance (left hand)
 x - a +5 amulet of reflection (around neck)
Wands
 q - a wand of slowing (48/48)
Scrolls
 r - a scroll of random uselessness
 u - a scroll of fear
Potions
 d - 5 potions of heal wounds {!q, @q2}
 e - 3 potions of degeneration {!q}
 g - 3 potions of curing {@q1}
 h - a potion of flight {unknown}
 l - a potion of invisibility {unknown}
 m - a potion of might {unknown}
 n - a potion of mutation {unknown}
 p - a potion of lignification {unknown}
 s - a potion of cure mutation {unknown}
 t - a potion of brilliance {unknown}
 z - a potion of berserk rage {unknown}
 B - a potion of ambrosia {unknown}
Comestibles
 c - 4 bread rations {@e1}
 k - 2 meat rations {@e2}
 C - a beef jerky


   Skills:
 + Level 4.7 Fighting
 * Level 8.0 Axes
 + Level 1.6 Armour
 + Level 4.1 Dodging
 - Level 2.3 Stealth


You had 5 spell levels left.
You didn't know any spells.

Dungeon Overview and Level Annotations

Branches:
Dungeon (5/15)
 Temple: D:4-7

Altars:
Gozag

Annotations:
D:3 Goblin1989's ghost, amateur MiGl
D:5 Chiseanne's ghost, novice HEAr


Innate Abilities, Weirdness & Mutations

You reflexively headbutt those who attack you in melee.
You have a pair of horns on your head.


Message History

Chiseanne's ghost is moderately damaged.
Chiseanne's ghost hits you but does no damage.
You miss Chiseanne's ghost.
You headbutt Chiseanne's ghost, but do no damage.
Chiseanne's ghost is moderately damaged.
You block Chiseanne's ghost's attack.
You barely miss Chiseanne's ghost. Your headbutt misses Chiseanne's ghost.
Chiseanne's ghost is moderately damaged.
Chiseanne's ghost hits you but does no damage.
Your scale mail prevents you from hitting Chiseanne's ghost.
Chiseanne's ghost is moderately damaged.
Chiseanne's ghost hits you.
* * * LOW HITPOINT WARNING * * *
You take 2 damage, and have 1/53 hp.
You hit Chiseanne's ghost but do no damage.
Chiseanne's ghost is moderately damaged.
Chiseanne's ghost says, "The agents of utter destruction are not stopped by death."
Chiseanne's ghost hits you.
You die...
Your body crumbles into a pile of gold.

..........█
..........█
..........██
...........█
...........█
....?......█
...........█
......W@$..█
...........█
..........██
███....█..█
█....█.$█
████.█..███
..........█
........█.█
█.......█.█


You could see Chiseanne's ghost.

Vanquished Creatures
  An ogre (D:4)
  An iguana (D:4)
  3 orc wizards
  Ijyb (D:2)
  2 worker ants (D:3)
  A hound zombie (D:3)
  3 adders
  4 gnolls
  5 worms
  3 dart slugs
  4 leopard geckos
  17 orcs
  2 ball pythons (D:3)
  3 giant cockroaches
  15 goblins
  17 hobgoblins
  9 jackals
  10 kobolds
  A quokka (D:3)
  8 bats
  4 frilled lizards
  11 rats
125 creatures vanquished.

Notes
Turn   | Place    | Note
-------+----------+-------------------------------------------
     0 | D:1      | Goblin1989 the Minotaur Monk began the quest for the Orb.
     0 | D:1      | Reached XP level 1. HP: 19/19 MP: 0/0
    55 | D:1      | Reached XP level 2. HP: 18/27 MP: 1/1
   585 | D:1      | Reached XP level 3. HP: 29/33 MP: 2/2
   882 | D:1      | Reached skill level 4 in Axes
  1003 | D:2      | Noticed Ijyb
  1017 | D:2      | Killed Ijyb
  1017 | D:2      | Reached XP level 4. HP: 38/41 MP: 3/3
  1666 | D:3      | Reached skill level 5 in Axes
  1712 | D:3      | Reached XP level 5. HP: 22/47 MP: 4/4
  2005 | D:3      | Reached skill level 6 in Axes
  2692 | D:3      | Reached XP level 6. HP: 49/53 MP: 5/5
  2728 | D:3      | Noticed Goblin1989's ghost (amateur MiGl)
  2752 | D:4      | Reached skill level 7 in Axes
  3183 | D:4      | Reached skill level 1 in Armour
  3194 | D:4      | Found an opulent altar of Gozag.
  3213 | D:4      | Became a worshipper of Gozag Ym Sagoz the Greedy
  3533 | D:4      | Reached skill level 8 in Axes
  3686 | D:5      | Entered Level 5 of the Dungeon
  3705 | D:5      | Noticed Chiseanne's ghost (novice HEAr)
  3748 | D:5      | HP: 2/53 [Chiseanne's ghost (3)]
  3756 | D:5      | HP: 1/53 [Chiseanne's ghost (2)]
  3757 | D:5      | Slain by Chiseanne's ghost

Skill      XL: |  1  2  3  4  5  6 |
---------------+-------------------+-----
Fighting       | 4 |  4.7
Stealth        | 2 |  2.3
Axes           | 4 5 6 8 |  8.0
Dodging        | 4 |  4.1
Armour         | 1 |  1.6

Action                   |  1- 3 |  4- 6 || total
-------------------------+-------+-------++-------
Melee: Hand axe          |    78 |   298 ||   376
       Headbutt          |    12 |    61 ||    73
  Use: Scroll            |       |     9 ||     9
 Stab: Sleeping          |       |     4 ||     4
  Eat: Chunk             |       |     8 ||     8
Armor: Robe              |     2 |       ||     2
       Ring mail         |    18 |    45 ||    63
       Scale mail        |       |    28 ||    28
Dodge: Dodged            |    55 |   138 ||   193
Block: Other             |       |    31 ||    31

Vault maps used:
D:1:      onia_arrival_pyramid, minmay_hexomino_u4
D:2:      uniq_iyjb, uniq_crazy_yiuf_cottage
D:4:      corexii_shantytown, grunt_gozag_breadcrumbs
D:5:      lemuel_crystal_altar, portal_sewer_entry_a, first_bread,
          grunt_ministairs_4, minivault_14, kennysheep_flooded_box,
          uniq_eustachio, uniq_pikel
